 Dungeon Sprint DCSS version 0.21.1-1-g345015f (webtiles) character file.

153 wojtek the Cleaver (level 5, 0/76 HPs)
             Began as a Minotaur Berserker on Feb 11, 2018.
             Was a Priest of Trog.
             Slain by a rust devil (3 damage)
             ... summoned by a kobold demonologist
             ... in the Dungeon (Sprint III: "The Ten Rune Challenge").
             The game lasted 00:01:02 (503 turns).

wojtek the Cleaver (Minotaur Berserker)              Turns: 503, Time: 00:01:03

Health: 0/76       AC: -5    Str: 27    XL:     5   Next: 12%
Magic:  4/4        EV: 14    Int:  4    God:    Trog [***...]
Gold:   28         SH:  0    Dex: 10    Spells: 4/4 levels left

rFire    . . .     SeeInvis .   a - +0 hand axe
rCold    . . .     Gourm    .   (no shield)
rNeg     . . .     Faith    .   b - +0 animal skin
rPois    .         Spirit   .   (helmet restricted)
rElec    .         Reflect  .   (no cloak)
rCorr    .         Harm     .   (no gloves)
MR       .....     NoTele   +   (no boots)
Stlth    ..........             (no amulet)
HPRegen  0.22/turn              k - ring of stealth
MPRegen  0.09/turn              (no ring)

@: berserking, corroded, very quick
A: retaliatory headbutt, horns 2
a: Berserk, Trog's Hand, Burn Spellbooks, Renounce Religion


You were in the Dungeon.
You worshipped Trog.
Trog was most pleased with you.
You were hungry.

You visited 1 branch You collected 28 gold pieces.

Inventory:

Hand Weapons
 a - a +0 hand axe (weapon)
Armour
 b - a +0 animal skin (worn)
Jewellery
 k - a ring of stealth (left hand)
Scrolls
 i - a scroll of blinking
 j - a scroll of torment {unknown}
 l - a scroll of enchant armour {unknown}
 m - 2 scrolls of remove curse {unknown}
 o - a scroll of holy word {unknown}
 p - 2 scrolls of identify
Potions
 d - a potion of curing
 e - a potion of heal wounds
 f - a potion of haste
 g - 2 potions of magic
 h - a potion of berserk rage
 n - 3 potions of flight
 q - 5 potions of mutation
Comestibles
 c - 3 rations
 r - a chunk of flesh


   Skills:
 + Level 6.6 Fighting
 * Level 8.6 Axes
 + Level 6.0 Armour
 + Level 5.4 Dodging


You had 4 spell levels left.
You didn't know any spells.

Dungeon Overview and Level Annotations

Branches:
Dungeon (1/1)

Altars:
Vehumet


Innate Abilities, Weirdness & Mutations

You reflexively headbutt those who attack you in melee.
You have a pair of horns on your head.


Message History

* * * LOW HITPOINT WARNING * * *
The kobold demonologist draws strength from your wounds!
The iron imp barely misses you. You furiously retaliate!
You headbutt the iron imp, but do no damage.
A red film seems to cover your vision as you go berserk!
You feel yourself moving faster!
You feel mighty!
You are feeling hungry.
The quasit gives a chilling moan.
The ufetubus misses you. You furiously retaliate!
You headbutt the ufetubus!
You feel the power of Trog in you as your rage grows.
You kill the ufetubus!
The rust devil hits you!
* * * LOW HITPOINT WARNING * * *
The rust devil corrodes you!
The kobold demonologist barely misses you.
The iron imp closely misses you.
You closely miss the kobold demonologist.
You hit the rust devil but do no damage.
You hit the iron imp. The rust devil hits you.
You die...

..'...♣♣♣♣ ♣.#
..#....♣.♣ ♣♣.#
###.....♣♣ ♣..#
..#....≈.♣♣♣..###+#+###
..#...≈≈..♣♣♣.#........
.)#..≈≈≈≈♣....'.⌠......
#'#..≈≈≈≈≈≈.♣.#...####
).#.≈≈≈≈≈≈....#.4.#
..#.≈≈≈≈≈.....#.@5#
..#.≈≈≈.......#K###
###...÷.......#5
..............#5
▓▓▓▓▓▓▓▓▓▓▓▓▓▓▓▓


You could see a rust devil, a kobold demonologist, an iron imp, a quasit and an
ufetubus.

Vanquished Creatures
  A water elemental (D)
  A wizard (D)
  Jessica (D)
  A human (D)
  A wolf (D)
  An ooze (D)
  2 rats (D)
8 creatures vanquished.

Vanquished Creatures (others)
  2 draconian scorchers (D)
  6 hellions (D)
  A yaktaur (D)
  3 plants (D)
12 creatures vanquished.

Grand Total: 20 creatures vanquished

Notes
Turn   | Place    | Note
-------+----------+-------------------------------------------
     0 | D        | wojtek the Minotaur Berserker began the quest for the Orb.
     0 | D        | Reached XP level 1. HP: 19/19 MP: 0/0
     8 | D        | Reached skill level 4 in Axes
   101 | D        | Killed a hellion
   119 | D        | Killed a hellion
   124 | D        | Noticed Jessica
   125 | D        | Reached ** piety under Trog
   129 | D        | Killed Jessica
   129 | D        | Reached skill level 5 in Axes
   129 | D        | Reached XP level 2. HP: 21/28 MP: 1/1
   129 | D        | Reached XP level 3. HP: 27/35 MP: 2/2
   157 | D        | Killed a white draconian scorcher
   192 | D        | Killed a yaktaur
   200 | D        | Killed a hellion
   201 | D        | Killed a hellion
   203 | D        | Killed a white draconian scorcher
   220 | D        | Reached skill level 5 in Fighting
   220 | D        | Reached skill level 6 in Axes
   238 | D        | Killed a hellion
   245 | D        | Killed a hellion
   337 | D        | Reached *** piety under Trog
   421 | D        | Noticed a water elemental
   425 | D        | Killed a water elemental
   425 | D        | Reached skill level 8 in Axes
   425 | D        | Reached skill level 5 in Armour
   425 | D        | Reached skill level 5 in Dodging
   425 | D        | Reached XP level 4. HP: 44/44 MP: 3/3
   487 | D        | Found a radiant altar of Vehumet.
   488 | D        | Noticed a wizard
   492 | D        | Noticed a ynoxinul
   493 | D        | Killed a wizard
   493 | D        | Reached XP level 5. HP: 26/51 MP: 4/4
   500 | D        | Noticed a rust devil
   502 | D        | HP: 3/76 [rust devil[a kobold demonologist] (10)]
   503 | D        | Slain by a rust devil

Skill      XL: |  1  2  3  4 |
---------------+-------------+-----
Fighting       | 4 6 |  6.6
Axes           | 5 8 |  8.6
Armour         | 4 5 6 |  6.0
Dodging        | 3 5 |  5.4

Action                   |  1- 3 |  4- 6 || total
-------------------------+-------+-------++-------
Melee: Hand axe          |    24 |    15 ||    39
       Headbutt          |     6 |     1 ||     7
Invok: Berserk           |     1 |     1 ||     2
Armor: Animal skin       |     2 |     1 ||     3
Dodge: Dodged            |    12 |    13 ||    25
